[Event "WYCC U14 Open 2019"]
[Site "Mumbai"]
[Date "2019.10.07"]
[Round "7.14"]
[White "Tadic, Stefan"]
[Black "Suleymanli, Suleyman"]
[Result "1-0"]
[ECO "C02"]
[WhiteElo "2295"]
[BlackElo "1941"]
[Annotator "ChessBase"]
[PlyCount "68"]
[EventDate "2019.10.02"]
[EventType "swiss"]
[EventCountry "IND"]
[SourceTitle "playchess.com"]
[Source "ChessBase"]
[SourceQuality "1"]
[TimeControl "40/5400+30:1800+30"]

1. e4 e6 2. d4 d5 3. e5 c5 4. c3 Qb6 5. Nf3 Nc6 6. Bd3 cxd4 7. cxd4 Bd7 8. O-O Nxd4 9. Nbd2 Nc6 10. Nb3 Nge7 11. Bf4 Ng6 12. Bg3 a5 13. h4 a4 14. Nc1 Bc5 15. Ne2 O-O 16. h5 Nge7 17. Rc1 h6 18. Bb1 Ra5 19. Bf4 f5 20. exf6 Rxf6 21. a3 Be8 22. Bd2 Ra8 23. Qc2 Bd6 24. Qh7+ Kf7 25. Bg6+ Nxg6 26. Bxh6 Bf8 27. Ng5+ Ke7 28. Bxg7 Nge5 29. Bxf6+ Kxf6 30. Kh1 Nf7 31. Qg6+ Ke7 32. Qxe6+ Kd8 33. Nxf7+ Bxf7 34. Qxf7 Bd6 1-0

[Event "WYCC U14 Open 2019"]
[Site "Mumbai"]
[Date "2019.10.07"]
[Round "7.16"]
[White "Poltorak, Sebastian"]
[Black "Jain Kashish Manoj"]
[Result "0-1"]
[ECO "E81"]
[WhiteElo "2130"]
[BlackElo "1930"]
[Annotator "ChessBase"]
[PlyCount "56"]
[EventDate "2019.10.02"]
[EventType "swiss"]
[EventCountry "IND"]
[SourceTitle "playchess.com"]
[Source "ChessBase"]
[SourceQuality "1"]
[TimeControl "40/5400+30:1800+30"]

1. d4 Nf6 2. c4 g6 3. Nc3 Bg7 4. e4 d6 5. f3 O-O 6. Nge2 c6 7. Bg5 a6 8. Qd2 b5 9. cxb5 axb5 10. h4 Nbd7 11. g4 Qa5 12. Kf2 e5 13. Bxf6 Bxf6 14. dxe5 Nxe5 15. Nf4 Bg7 16. Be2 b4 17. Nd1 d5 18. exd5 cxd5 19. Qxd5 Qb6+ 20. Kg3 Bb7 21. Qb3 Nc6 22. Nf2 Nd4 23. Qd1 Rad8 24. Re1 Ne6 25. N2d3 Nxf4 26. Kxf4 Qc7+ 27. Ke3 Rfe8+ 28. Kd2 Bc3+ 0-1

[Event "WYCC U14 Open 2019"]
[Site "Mumbai"]
[Date "2019.10.09"]
[Round "8.1"]
[White "Srihari L R"]
[Black "Abinandhan R"]
[Result "0-1"]
[ECO "D58"]
[WhiteElo "2283"]
[BlackElo "1830"]
[Annotator "ChessBase"]
[PlyCount "80"]
[EventDate "2019.10.02"]
[EventType "swiss"]
[EventCountry "IND"]
[SourceTitle "playchess.com"]
[Source "ChessBase"]
[SourceQuality "1"]
[TimeControl "40/5400+30:1800+30"]

1. d4 Nf6 2. c4 e6 3. Nf3 d5 4. Nc3 Be7 5. Bg5 O-O 6. e3 h6 7. Bh4 b6 8. g4 Ne4 9. Bxe7 Qxe7 10. h4 Bb7 11. g5 dxc4 12. Rg1 h5 13. Nxe4 Bxe4 14. Nd2 Bg6 15. Nxc4 Nd7 16. Bd3 e5 17. Bxg6 fxg6 18. Qc2 exd4 19. O-O-O dxe3 20. Nxe3 Qf7 21. Rge1 Rae8 22. Kb1 Ne5 23. Nd5 c6 24. Nb4 c5 25. Nd5 Nf3 26. Re3 Nd4 27. Qc4 Kh8 28. Rde1 Rd8 29. Re5 Nf3 30. R1e2 Nxe5 31. Rxe5 Qxf2 32. Qe4 Qf1+ 33. Kc2 Rf2+ 34. Kb3 Qb5+ 35. Ka3 Qxb2+ 36. Ka4 Qc2+ 37. Qxc2 Rxc2 38. Ne7 Kh7 39. Re6 Rxa2+ 40. Kb3 Rad2 0-1

[Event "WYCC U14 Open 2019"]
[Site "Mumbai"]
[Date "2019.10.09"]
[Round "8.2"]
[White "Morgunov, Marc"]
[Black "Suleymanli, Aydin"]
[Result "1/2-1/2"]
[ECO "B18"]
[WhiteElo "2280"]
[BlackElo "2426"]
[Annotator "ChessBase"]
[PlyCount "67"]
[EventDate "2019.10.02"]
[EventType "swiss"]
[EventCountry "IND"]
[SourceTitle "playchess.com"]
[Source "ChessBase"]
[SourceQuality "1"]
[TimeControl "40/5400+30:1800+30"]

1. e4 c6 2. Nc3 d5 3. d4 dxe4 4. Nxe4 Bf5 5. Ng3 Bg6 6. Nh3 e6 7. Nf4 Bd6 8. c3 Qc7 9. Nxg6 hxg6 10. Ne4 Bf4 11. Bxf4 Qxf4 12. Qe2 Nf6 13. Nxf6+ gxf6 14. g3 Qd6 15. Bg2 Nd7 16. O-O Kf8 17. c4 Kg7 18. Rfd1 Rh5 19. c5 Qc7 20. b4 Rah8 21. h4 f5 22. f4 Rb8 23. Rab1 Rhh8 24. b5 cxb5 25. Rxb5 b6 26. c6 Nf6 27. Qe5 Rbc8 28. a4 Qxe5 29. dxe5 Nd5 30. Bxd5 exd5 31. Rbxd5 Rxc6 32. Rd7 a5 33. R7d6 Rhc8 34. Rxc6 1/2-1/2

[Event "WYCC U14 Open 2019"]
[Site "Mumbai"]
[Date "2019.10.09"]
[Round "8.3"]
[White "Sreeshwan Maralakshikari"]
[Black "Vo, Pham Thien Phuc"]
[Result "1/2-1/2"]
[ECO "E61"]
[WhiteElo "2449"]
[BlackElo "1807"]
[Annotator "ChessBase"]
[PlyCount "83"]
[EventDate "2019.10.02"]
[EventType "swiss"]
[EventCountry "IND"]
[SourceTitle "playchess.com"]
[Source "ChessBase"]
[SourceQuality "1"]
[TimeControl "40/5400+30:1800+30"]

1. d4 Nf6 2. c4 g6 3. Nc3 Bg7 4. Nf3 O-O 5. e4 d6 6. h3 e5 7. d5 a5 8. g4 Na6 9. Be3 Kh8 10. Be2 Nd7 11. a3 Nb6 12. g5 Nc5 13. a4 f5 14. gxf6 Qxf6 15. b3 Bd7 16. Kd2 h6 17. Kc2 Kh7 18. h4 Qe7 19. Qd2 Rf7 20. Rag1 Raf8 21. h5 g5 22. Bxg5 Qe8 23. Bxh6 Bxh6 24. Ng5+ Bxg5 25. Qxg5 Re7 26. h6 Rg8 27. Qg7+ Rgxg7 28. hxg7+ Kg8 29. Rh8+ Kf7 30. Rxe8 Rxe8 31. Bh5+ Kg8 32. Bxe8 Bxe8 33. f3 Nc8 34. Nd1 Ne7 35. Ne3 Bg6 36. Kc3 Na6 37. Rg4 Kf7 38. Nf5 Bxf5 39. exf5 Ng8 40. Rg6 Nb4 41. Kd2 Na6 42. Kc3 1/2-1/2

[Event "WYCC U14 Open 2019"]
[Site "Mumbai"]
[Date "2019.10.09"]
[Round "8.4"]
[White "Pranav Anand"]
[Black "Luczak, Filip"]
[Result "1/2-1/2"]
[ECO "A58"]
[WhiteElo "2351"]
[BlackElo "2136"]
[Annotator "ChessBase"]
[PlyCount "119"]
[EventDate "2019.10.02"]
[EventType "swiss"]
[EventCountry "IND"]
[SourceTitle "playchess.com"]
[Source "ChessBase"]
[SourceQuality "1"]
[TimeControl "40/5400+30:1800+30"]

1. d4 Nf6 2. c4 c5 3. d5 b5 4. cxb5 a6 5. bxa6 g6 6. Nc3 Bg7 7. Nf3 O-O 8. e4 Qa5 9. Bd2 Bxa6 10. Be2 d6 11. O-O Bxe2 12. Qxe2 Qa6 13. Qd1 Nbd7 14. Qc2 Rfb8 15. a4 Rb4 16. Ra3 Ng4 17. Rb1 Bxc3 18. Bxc3 Rxa4 19. Rxa4 Qxa4 20. Qe2 Qa6 21. Qd2 Nge5 22. Nxe5 Nxe5 23. Re1 Qd3 24. Qf4 f6 25. h4 Qc2 26. Bxe5 fxe5 27. Qg5 Rf8 28. f3 Qxb2 29. Qxe7 Qb6 30. Ra1 c4+ 31. Kh2 Rf7 32. Qe6 Kg7 33. h5 gxh5 34. Qc8 Qc7 35. Ra8 c3 36. Qg8+ Kh6 37. Rc8 Qe7 38. Qg3 Rf4 39. Qf2 h4 40. Rxc3 Qg5 41. Rc6 Rf6 42. Kh3 Kh5 43. Rc7 h6 44. Rd7 Rg6 45. Rf7 Rf6 46. Re7 Rg6 47. Re6 Rf6 48. Kh2 Qf4+ 49. Kh3 Qg5 50. Rxf6 Qxf6 51. Qa7 Qg6 52. g4+ hxg3 53. Qe7 Qg5 54. Qe8+ Qg6 55. Qd8 Qg5 56. Qe8+ Qg6 57. Qe7 Qg5 58. Qf7+ Qg6 59. Qe7 Qg5 60. Qe8+ 1/2-1/2

[Event "WYCC U14 Open 2019"]
[Site "Mumbai"]
[Date "2019.10.09"]
[Round "8.5"]
[White "Chyzy, Jakub"]
[Black "Wu, Logan"]
[Result "1-0"]
[ECO "B90"]
[WhiteElo "2327"]
[BlackElo "1994"]
[Annotator "ChessBase"]
[PlyCount "61"]
[EventDate "2019.10.02"]
[EventType "swiss"]
[EventCountry "IND"]
[SourceTitle "playchess.com"]
[Source "ChessBase"]
[SourceQuality "1"]
[TimeControl "40/5400+30:1800+30"]

1. e4 c5 2. Nf3 d6 3. d4 Nf6 4. Nc3 cxd4 5. Nxd4 a6 6. Be3 e6 7. f3 b5 8. Qd2 Nbd7 9. g4 h6 10. O-O-O b4 11. Na4 Qc7 12. b3 d5 13. exd5 Nxd5 14. Bc4 Nxe3 15. Qxe3 Be7 16. Bxe6 O-O 17. Kb1 fxe6 18. Nxe6 Qa7 19. Qxa7 Rxa7 20. Nxf8 Kxf8 21. Rhe1 Kf7 22. Rd4 Rc7 23. Nb2 Bb7 24. Nc4 Bf6 25. Nd6+ Kg6 26. Rxb4 Bxf3 27. Ne8 Rc6 28. Rf4 Bc3 29. Re7 Bg2 30. Rxd7 Re6 31. Rd6 1-0

[Event "WYCC U14 Open 2019"]
[Site "Mumbai"]
[Date "2019.10.09"]
[Round "8.6"]
[White "Flores Quillas, Diego Saul Rodri"]
[Black "Shah Jeet"]
[Result "0-1"]
[ECO "C95"]
[WhiteElo "2164"]
[BlackElo "1844"]
[Annotator "ChessBase"]
[PlyCount "78"]
[EventDate "2019.10.02"]
[EventType "swiss"]
[EventCountry "IND"]
[SourceTitle "playchess.com"]
[Source "ChessBase"]
[SourceQuality "1"]
[TimeControl "40/5400+30:1800+30"]

1. e4 e5 2. Nf3 Nc6 3. Bb5 a6 4. Ba4 Nf6 5. O-O Be7 6. Re1 b5 7. Bb3 d6 8. c3 O-O 9. h3 Nb8 10. d4 Nbd7 11. Nbd2 Bb7 12. Bc2 Re8 13. Nf1 Bf8 14. Ng3 g6 15. a4 c5 16. d5 c4 17. Bg5 h6 18. Be3 Nc5 19. Qd2 h5 20. Bg5 Be7 21. Ra3 Nfd7 22. Be3 Qc7 23. Rf1 Bf6 24. Ng5 Nb6 25. axb5 axb5 26. Rxa8 Bxa8 27. h4 Qe7 28. f4 exf4 29. Rxf4 Bxg5 30. hxg5 Nxd5 31. exd5 Qxe3+ 32. Qxe3 Rxe3 33. Ne4 Re2 34. Nxc5 dxc5 35. Be4 Rxb2 36. Rf6 Re2 37. Ra6 Rxe4 38. Rxa8+ Kg7 39. Ra5 b4 0-1

[Event "WYCC U14 Open 2019"]
[Site "Mumbai"]
[Date "2019.10.09"]
[Round "8.9"]
[White "Samant Aditya S"]
[Black "Madaminov, Mukhiddin"]
[Result "1-0"]
[ECO "C65"]
[WhiteElo "2334"]
[BlackElo "2045"]
[Annotator "ChessBase"]
[PlyCount "63"]
[EventDate "2019.10.02"]
[EventType "swiss"]
[EventCountry "IND"]
[SourceTitle "playchess.com"]
[Source "ChessBase"]
[SourceQuality "1"]
[TimeControl "40/5400+30:1800+30"]

1. e4 e5 2. Nf3 Nc6 3. Bb5 Nf6 4. O-O Bc5 5. Nxe5 Nxe4 6. Qe2 Nxe5 7. Qxe4 Qe7 8. d4 Nc6 9. Qxe7+ Bxe7 10. c3 d6 11. Bf4 Be6 12. Nd2 Kd7 13. a4 g5 14. Be3 f5 15. f4 g4 16. Rfe1 a6 17. Bd3 Rhf8 18. Bf2 d5 19. Nb3 b6 20. Re2 Bd6 21. g3 a5 22. Bb5 Bf7 23. Re5 Bg8 24. Rae1 Rf6 25. c4 dxc4 26. d5 Bxe5 27. dxc6+ Rxc6 28. fxe5 cxb3 29. Rd1+ Ke7 30. Bxc6 Rd8 31. Rd2 Rd6 32. Rxd6 {Kd8} 1-0

[Event "WYCC U14 Open 2019"]
[Site "Mumbai"]
[Date "2019.10.09"]
[Round "8.10"]
[White "Pranav Vijay"]
[Black "Manish, Kumar"]
[Result "1/2-1/2"]
[ECO "B27"]
[WhiteElo "2265"]
[BlackElo "2132"]
[Annotator "ChessBase"]
[PlyCount "106"]
[EventDate "2019.10.02"]
[EventType "swiss"]
[EventCountry "IND"]
[SourceTitle "playchess.com"]
[Source "ChessBase"]
[SourceQuality "1"]
[TimeControl "40/5400+30:1800+30"]

1. e4 c5 2. Nf3 g6 3. d4 cxd4 4. Qxd4 Nf6 5. Bb5 Nc6 6. Bxc6 bxc6 7. Nc3 Qb6 8. Qxb6 axb6 9. e5 Nd5 10. Nxd5 cxd5 11. Be3 Rb8 12. O-O-O e6 13. Rhe1 Ba6 14. Bg5 Be7 15. Bh6 Rg8 16. h4 Bb7 17. Be3 Bc6 18. g4 d6 19. g5 Kd7 20. Bf4 Rgc8 21. Kb1 Bb7 22. b3 Rc3 23. Re3 Rbc8 24. Rxc3 Rxc3 25. Be3 Ba6 26. Rd2 Ke8 27. Kb2 Rc6 28. c3 dxe5 29. Nxe5 Rd6 30. Ng4 Bf1 31. Bd4 Bh3 32. Ne3 b5 33. Bc5 Rc6 34. Bxe7 Kxe7 35. Rd4 f6 36. Rb4 Rc5 37. Rf4 Bf5 38. Rd4 fxg5 39. hxg5 Be4 40. Ng4 Rc8 41. Rb4 Rf8 42. Nf6 Bd3 43. Rd4 Bf5 44. Rb4 h5 45. Rxb5 Rh8 46. c4 h4 47. c5 e5 48. Rb7+ Ke6 49. Rb6+ Kf7 50. Rb7+ Ke6 51. Rb6+ Kf7 52. Rb7+ Ke6 53. Rb6+ Kf7 1/2-1/2

[Event "WYCC U14 Open 2019"]
[Site "Mumbai"]
[Date "2019.10.09"]
[Round "8.11"]
[White "Jain Kashish Manoj"]
[Black "Tadic, Stefan"]
[Result "1-0"]
[ECO "A04"]
[WhiteElo "1930"]
[BlackElo "2295"]
[Annotator "ChessBase"]
[PlyCount "103"]
[EventDate "2019.10.02"]
[EventType "swiss"]
[EventCountry "IND"]
[SourceTitle "playchess.com"]
[Source "ChessBase"]
[SourceQuality "1"]
[TimeControl "40/5400+30:1800+30"]

1. Nf3 c5 2. g3 Nc6 3. Bg2 g6 4. O-O Bg7 5. c4 d6 6. Nc3 Nf6 7. d4 cxd4 8. Nxd4 Bd7 9. b3 h5 10. Bb2 h4 11. Nd5 hxg3 12. hxg3 Ne5 13. Nxf6+ Bxf6 14. Bxb7 Rb8 15. Bd5 e6 16. Bg2 Nxc4 17. Bc3 Ne5 18. Qd2 O-O 19. Rac1 Qb6 20. Nf3 Nxf3+ 21. Bxf3 Bxc3 22. Rxc3 Rfc8 23. Rd3 d5 24. Kg2 Kg7 25. Rh1 Rh8 26. Rxh8 Rxh8 27. e4 Bb5 28. Qc3+ f6 29. Rd1 dxe4 30. Bxe4 Rd8 31. Rxd8 Qxd8 32. Qc5 Qd7 33. a4 Be2 34. b4 f5 35. Bc6 Qc7 36. f4 g5 37. Kf2 Bh5 38. fxg5 e5 39. b5 Be8 40. Qd5 Bf7 41. Qd7 Qxd7 42. Bxd7 Kg6 43. a5 Bc4 44. a6 Kxg5 45. Kf3 f4 46. gxf4+ exf4 47. Ke4 f3 48. Kxf3 Kf6 49. b6 axb6 50. a7 Bd5+ 51. Ke3 Ke5 52. Bg4 1-0

[Event "WYCC U14 Open 2019"]
[Site "Mumbai"]
[Date "2019.10.09"]
[Round "8.12"]
[White "Dhrupad Kashyap"]
[Black "Kolay, Alex"]
[Result "*"]
[ECO "C95"]
[WhiteElo "2000"]
[BlackElo "2164"]
[Annotator "ChessBase"]
[PlyCount "57"]
[EventDate "2019.10.02"]
[EventType "swiss"]
[EventCountry "IND"]
[SourceTitle "playchess.com"]
[Source "ChessBase"]
[SourceQuality "1"]
[TimeControl "40/5400+30:1800+30"]

1. e4 e5 2. Nf3 Nc6 3. Bb5 a6 4. Ba4 Nf6 5. O-O Be7 6. Re1 b5 7. Bb3 d6 8. c3 O-O 9. h3 Nb8 10. d4 Nbd7 11. Nbd2 Bb7 12. Bc2 Re8 13. Nf1 Bf8 14. Ng3 g6 15. b3 Bg7 16. d5 Rc8 17. c4 c6 18. Bd2 Qc7 19. Rc1 c5 20. Bd3 b4 21. a3 a5 22. a4 Kh8 23. h4 Ng8 24. h5 Nf8 25. Nh2 Qe7 26. Ng4 Qh4 27. Qf3 Rc7 28. h6 Bf6 29. Nf1 *

[Event "WYCC U14 Open 2019"]
[Site "Mumbai"]
[Date "2019.10.09"]
[Round "8.12"]
[White "Dhrupad Kashyap"]
[Black "Kolay, Alex"]
[Result "0-1"]
[ECO "C95"]
[WhiteElo "2000"]
[BlackElo "2164"]
[Annotator "ChessBase"]
[PlyCount "126"]
[EventDate "2019.10.02"]
[EventType "swiss"]
[EventCountry "IND"]
[SourceTitle "playchess.com"]
[Source "ChessBase"]
[SourceQuality "1"]
[TimeControl "40/5400+30:1800+30"]

1. e4 e5 2. Nf3 Nc6 3. Bb5 a6 4. Ba4 Nf6 5. O-O Be7 6. Re1 b5 7. Bb3 d6 8. c3 O-O 9. h3 Nb8 10. d4 Nbd7 11. Nbd2 Bb7 12. Bc2 Re8 13. Nf1 Bf8 14. Ng3 g6 15. b3 Bg7 16. d5 Rc8 17. c4 c6 18. Bd2 Qc7 19. Rc1 c5 20. Bd3 b4 21. a3 a5 22. a4 Kh8 23. h4 Ng8 24. h5 Nf8 25. Nh2 Qe7 26. Ng4 Qh4 27. Qf3 Rc7 28. h6 Bf6 29. Nxf6 Nxf6 30. Nf1 Ng8 31. Qe3 Bc8 32. Nh2 f5 33. Qg5 Qxg5 34. Bxg5 Rf7 35. g3 Nf6 36. exf5 gxf5 37. f4 Ng6 38. Bc2 Nh5 39. Kf2 Rg8 40. Bd1 Nxg3 41. Kxg3 Nxf4 42. Nf3 Nd3 43. Kh4 e4 44. Bc2 Nxc1 45. Bxc1 Rg2 46. Ng5 Rf8 47. Bd1 f4 48. Nxe4 f3 49. Ng3 Rg8 50. Nf1 R8g4+ 51. Kh5 Bf5 52. Re8+ Rg8 53. Rxg8+ Kxg8 54. Bxf3 Rg1 55. Be2 Bh3 56. Be3 Bxf1 57. Bxg1 Bxe2+ 58. Kg5 Kf7 59. Kf4 Bd1 60. Ke4 Bc2+ 61. Ke3 Bxb3 62. Kd3 Bxa4 63. Bh2 Ke7 {[%emt 0:00:07] Kd4} 0-1

[Event "WYCC U14 Open 2019"]
[Site "Mumbai"]
[Date "2019.10.09"]
[Round "8.14"]
[White "Laux, Dominik"]
[Black "Arhan Chethan Anand"]
[Result "1-0"]
[ECO "D35"]
[WhiteElo "2015"]
[BlackElo "2167"]
[Annotator "ChessBase"]
[PlyCount "137"]
[EventDate "2019.10.02"]
[EventType "swiss"]
[EventCountry "IND"]
[SourceTitle "playchess.com"]
[Source "ChessBase"]
[SourceQuality "1"]
[TimeControl "40/5400+30:1800+30"]

1. d4 d5 2. c4 e6 3. Nc3 Nf6 4. cxd5 exd5 5. Bg5 c6 6. e3 Be7 7. Bd3 Nbd7 8. Qc2 h6 9. Bh4 Nh5 10. Bxe7 Qxe7 11. O-O-O Nb6 12. Kb1 Be6 13. Rc1 O-O-O 14. Nf3 Kb8 15. Na4 Nxa4 16. Qxa4 Nf6 17. Rc3 Ne8 18. Ne5 Rc8 19. Ra3 b5 20. Qa6 Qb7 21. Rc1 Qxa6 22. Rxa6 Kb7 23. Raxc6 Rxc6 24. Rxc6 Nc7 25. Rc5 a6 26. f4 f6 27. Ng6 Re8 28. Kc1 Bd7 29. Kd2 a5 30. f5 Bc6 31. Nf4 Re7 32. g4 Re8 33. h4 Re7 34. Be2 Na6 35. Rc1 Nc7 36. Bf3 Re8 37. Rg1 Re7 38. Rc1 Re8 39. Bg2 Kb6 40. Rc5 Rd8 41. Ke2 b4 42. Ne6 Nxe6 43. fxe6 Re8 44. Bxd5 Bxd5 45. Rxd5 Rxe6 46. Rd7 g6 47. Rh7 f5 48. gxf5 gxf5 49. Rf7 Rc6 50. Kd3 Rc1 51. Rf6+ Kb5 52. Rxf5+ Kb6 53. a3 bxa3 54. bxa3 Ra1 55. Kc4 Rxa3 56. Rf6+ Kc7 57. e4 Ra1 58. Rxh6 a4 59. Kd5 a3 60. Ra6 a2 61. e5 Kb7 62. Ra3 Kc7 63. h5 Rh1 64. Rxa2 Rxh5 65. Ra7+ Kd8 66. Kd6 Ke8 67. e6 Kf8 68. Ra8+ Kg7 69. e7 1-0

[Event "WYCC U14 Open 2019"]
[Site "Mumbai"]
[Date "2019.10.09"]
[Round "8.15"]
[White "Sahakyan, Aleks"]
[Black "Colbow, Collin"]
[Result "1/2-1/2"]
[ECO "B66"]
[WhiteElo "1991"]
[BlackElo "2148"]
[Annotator "ChessBase"]
[PlyCount "173"]
[EventDate "2019.10.02"]
[EventType "swiss"]
[EventCountry "IND"]
[SourceTitle "playchess.com"]
[Source "ChessBase"]
[SourceQuality "1"]
[TimeControl "40/5400+30:1800+30"]

1. e4 c5 2. Nf3 d6 3. d4 cxd4 4. Nxd4 Nf6 5. Nc3 Nc6 6. Bg5 e6 7. Qd2 a6 8. O-O-O Be7 9. Bxf6 gxf6 10. f4 Nxd4 11. Qxd4 b5 12. f5 Qc7 13. fxe6 fxe6 14. Be2 Qc5 15. Qxc5 dxc5 16. Bh5+ Kf8 17. e5 f5 18. g4 Ra7 19. Rdf1 Bg5+ 20. Kb1 Ke7 21. gxf5 exf5 22. Rhg1 Bh6 23. Ne4 Rc7 24. Nf6 Be6 25. Bf3 Rcc8 26. Bb7 Rb8 27. Bc6 Rbd8 28. Rf3 Bg5 29. Ra3 Bxf6 30. exf6+ Kxf6 31. Rxa6 Rd6 32. Bxb5 Rxa6 33. Bxa6 Ra8 34. Bd3 Bxa2+ 35. Kc1 Be6 36. Kd2 Ra4 37. Ke3 Rh4 38. Rg2 Ke5 39. b3 f4+ 40. Kf2 Kd4 41. Rg7 h6 42. Kg2 Bd5+ 43. Kg1 Bxb3 44. Rd7+ Bd5 45. Be2 Ke5 46. c4 Be6 47. Re7 Kd6 48. Ra7 Bf5 49. Ra8 Ke5 50. Rd8 Be4 51. Bd3 Rg4+ 52. Kf1 Bxd3+ 53. Rxd3 Ke4 54. Rd6 Rh4 55. Rd5 Rxh2 56. Rxc5 Kf3 57. Kg1 Rg2+ 58. Kf1 Rh2 59. Kg1 Rc2 60. Rh5 Rc1+ 61. Kh2 Rxc4 62. Rxh6 Kf2 63. Ra6 Re4 64. Ra2+ Re2 65. Ra4 f3 66. Ra1 Re3 67. Rb1 Re1 68. Rb2+ Ke3 69. Rb3+ Kf2 70. Rb2+ Re2 71. Rb1 Rd2 72. Ra1 Rb2 73. Rc1 Re2 74. Ra1 Re1 75. Ra2+ Ke3 76. Ra3+ Kf4 77. Ra4+ Re4 78. Ra8 Re2+ 79. Kg1 Ke3 80. Kf1 Rf2+ 81. Ke1 Rb2 82. Re8+ Kf4 83. Kf1 Rh2 84. Rf8+ Ke3 85. Re8+ Kd2 86. Rd8+ Ke3 87. Re8+ 1/2-1/2

[Event "WYCC U14 Open 2019"]
[Site "Mumbai"]
[Date "2019.10.09"]
[Round "8.16"]
[White "Pham, Khoi"]
[Black "Davtyan, Arsen"]
[Result "0-1"]
[ECO "E71"]
[WhiteElo "2121"]
[BlackElo "1942"]
[Annotator "ChessBase"]
[PlyCount "89"]
[EventDate "2019.10.02"]
[EventType "swiss"]
[EventCountry "IND"]
[SourceTitle "playchess.com"]
[Source "ChessBase"]
[SourceQuality "1"]
[TimeControl "40/5400+30:1800+30"]

1. d4 Nf6 2. c4 g6 3. Nc3 Bg7 4. e4 d6 5. h3 O-O 6. Be3 c5 7. Nf3 cxd4 8. Nxd4 b6 9. Be2 Bb7 10. Qc2 Nbd7 11. O-O Rc8 12. Rac1 Qc7 13. Qb1 Qb8 14. Rfd1 Qa8 15. f3 Rfe8 16. b4 Qb8 17. Qb3 a6 18. Na4 e6 19. c5 dxc5 20. bxc5 Nxc5 21. Nxc5 bxc5 22. Nc2 Rc6 23. Rb1 Re7 24. Na3 Nh5 25. Nc4 Bd4 26. Bxd4 cxd4 27. Rxd4 Qg3 28. Bf1 Nf4 29. Kh1 Kg7 30. Rd8 e5 31. Qb4 Rce6 32. Qe1 Qg5 33. Na5 Nh5 34. Nxb7 Rxb7 35. Rxb7 Qxd8 36. Bc4 Rf6 37. Bd5 Nf4 38. Bb3 Qc8 39. Re7 Nxh3 40. Qg3 Nf4 41. Kh2 Qc5 42. Rd7 Ne2 43. Qe1 Qe3 44. g3 Rxf3 45. Re7 0-1

[Event "WYCC U14 Open 2019"]
[Site "Mumbai"]
[Date "2019.10.10"]
[Round "9.1"]
[White "Abinandhan R"]
[Black "Suleymanli, Aydin"]
[Result "0-1"]
[ECO "C18"]
[WhiteElo "1830"]
[BlackElo "2426"]
[Annotator "ChessBase"]
[PlyCount "80"]
[EventDate "2019.10.02"]
[EventType "swiss"]
[EventCountry "IND"]
[SourceTitle "playchess.com"]
[Source "ChessBase"]
[SourceQuality "1"]
[TimeControl "40/5400+30:1800+30"]

1. e4 e6 2. d4 d5 3. Nc3 Bb4 4. e5 c5 5. a3 Bxc3+ 6. bxc3 Qa5 7. Bd2 Qa4 8. Nf3 Nc6 9. Be3 c4 10. Be2 Bd7 11. O-O O-O-O 12. Ne1 f6 13. f4 Nge7 14. Bf2 Rdf8 15. Nf3 Be8 16. Qd2 Bg6 17. Bd1 Be4 18. Ne1 h6 19. Bf3 Rf7 20. exf6 gxf6 21. Bxe4 dxe4 22. g3 f5 23. Ng2 Nd5 24. Be1 h5 25. Qe2 Nce7 26. Ra2 Rg7 27. Kh1 Ng8 28. Ne3 Nxe3 29. Qxe3 Nf6 30. h4 Nd5 31. Qd2 Rhg8 32. Kh2 Rg4 33. Ra1 Kb8 34. Qe2 Qc6 35. Rb1 a6 36. Qf2 Rxg3 37. Qxg3 Rxg3 38. Kxg3 Qa4 39. Rc1 Qxa3 40. Bd2 e3 0-1

[Event "WYCC U14 Open 2019"]
[Site "Mumbai"]
[Date "2019.10.10"]
[Round "9.2"]
[White "Sreeshwan Maralakshikari"]
[Black "Morgunov, Marc"]
[Result "0-1"]
[ECO "E61"]
[WhiteElo "2449"]
[BlackElo "2280"]
[Annotator "NA"]
[PlyCount "130"]
[EventDate "2019.10.02"]
[EventType "swiss"]
[EventCountry "IND"]
[SourceTitle "playchess.com"]
[Source "ChessBase"]
[SourceQuality "1"]
[TimeControl "40/5400+30:1800+30"]

1. d4 Nf6 2. c4 g6 3. Nc3 Bg7 4. Nf3 d6 5. e4 O-O 6. h3 e5 7. d5 Nh5 8. g3 {[%emt 0:00:03] E90: King's Indian: Classical: Early deviations and 6 h3} f5 (8... Na6 9. Nh2 Nc5 10. Be3 a5 11. Be2 Nf6 12. Bf3 Ne8 13. g4 f5 14. gxf5 gxf5 15. exf5 Bxf5 16. Bxc5 dxc5 {½-½ (79) Postny,E (2623)-Guseinov,G (2664) chess.com INT 2019}) 9. exf5 gxf5 10. Nh4 Nf6 11. Bd3 e4 12. Be2 Nfd7 13. Ng2 Na6 14. Be3 Bxc3+ 15. bxc3 Nac5 16. Nf4 Ne5 17. Qd4 $146 ({Predecessor:} 17. O-O Qe7 18. Kh1 b6 19. Rg1 h6 20. Qc2 {½-½ (20) Fenwick,J (2454)-Le Page,C (2436) ICCF email 2016}) 17... Qe7 18. O-O-O b5 19. cxb5 a6 20. b6 Rb8 21. g4 Rxb6 22. gxf5 Bxf5 23. Rhg1+ Kh8 24. h4 Rfb8 25. Rg5 Qf7 26. c4 Ncd3+ 27. Bxd3 exd3 28. Nxd3 Rb1+ 29. Kd2 Bxd3 (29... Rxd1+ $17 30. Kxd1 Bxd3) 30. Rxb1 $11 Rxb1 31. f4 h6 32. Rg2 Qf5 33. fxe5 dxe5 34. Qc3 Qe4 35. Rf2 Bxc4 36. Qc2 Qxd5+ 37. Kc3 Qa5+ 38. Kxc4 Rb4+ 39. Kd3 Qb5+ 40. Kd2 Rb2 41. Rf6 Qd5+ 42. Kc1 Rxc2+ 43. Kxc2 Qxa2+ 44. Kd3 Kg7 45. Rxh6 Qb3+ 46. Ke4 Qxe3+ 47. Kxe3 Kxh6 48. Ke4 a5 49. Kxe5 a4 50. Kd4 c5+ 51. Kc3 Kh5 52. Kb2 c4 53. Kb1 Kxh4 54. Kb2 Kg4 55. Kb1 Kf4 56. Kb2 Ke4 57. Kb1 Kd3 58. Kb2 c3+ 59. Kb1 a3 60. Ka2 c2 61. Kxa3 c1=Q+ 62. Kb4 Qc4+ 63. Ka5 Qc6 64. Kb4 Qb6+ 65. Ka4 Kc4 0-1

[Event "WYCC U14 Open 2019"]
[Site "Mumbai"]
[Date "2019.10.10"]
[Round "9.3"]
[White "Vo, Pham Thien Phuc"]
[Black "Chyzy, Jakub"]
[Result "1-0"]
[ECO "A53"]
[WhiteElo "1807"]
[BlackElo "2327"]
[Annotator "NA"]
[PlyCount "114"]
[EventDate "2019.10.02"]
[EventType "swiss"]
[EventCountry "IND"]
[SourceTitle "playchess.com"]
[Source "ChessBase"]
[SourceQuality "1"]
[TimeControl "40/5400+30:1800+30"]

1. d4 Nf6 2. c4 d6 3. Nf3 Nbd7 4. g3 e5 5. Nc3 Be7 6. Bg2 O-O 7. O-O c6 8. e4 a6 9. b3 b5 10. Qc2 Bb7 11. h3 Re8 12. Be3 Bf8 13. d5 cxd5 14. cxd5 Rc8 15. Qd3 Nc5 16. Bxc5 dxc5 17. Nd2 Nd7 18. Rfc1 Nb6 19. a4 b4 20. Nd1 a5 21. Ne3 Ra8 22. Bf1 g6 23. Ra2 Qc7 24. h4 Red8 25. Qc2 Rac8 26. Bb5 Bh6 27. Qd3 Kh8 28. Rac2 Qe7 29. Ba6 Bxe3 30. fxe3 f5 31. Bxb7 Qxb7 32. Rxc5 Rxc5 33. Rxc5 fxe4 34. Qxe4 Qe7 35. Rxa5 Qc7 36. Kf2 Nxd5 37. Nc4 Kg8 38. Qxe5 Qf7+ 39. Kg2 Nc3 40. Qf4 Qd7 41. Qf3 Qd3 42. Ra8 Rxa8 43. Qxa8+ Kg7 44. Qb7+ Kh6 45. Qf3 Kg7 46. Qf7+ Kxf7 47. Ne5+ Ke6 48. Nxd3 Nd5 49. Kf3 Kd6 50. e4 Nc3 51. Nxb4 Ke5 52. a5 Nb5 53. a6 Kd6 54. Kf4 Kc7 55. Nd5+ Kc6 56. Kg5 Nd6 57. e5 Kxd5 1-0